Map: Abyssal Reef LE

Players

Musumeci - Winner!

  • Race: Zerg Zerg
  • League: Diamond
  • Spawn Location: 5:00

Freemind

  • Race: Terran Terran
  • League: Diamond
  • Spawn Location: 11:00

VOD

Have the link to the VOD?

Description

Time

  • Played on: March 25, 2017, 9:59 a.m.
  • Length: 11:51
Show
View Real Time Build Order
Export as new Build Order

Musumeci Zerg - Winner!

Build Orders: Hatch First 

Get SALT Encoding   

  12  0:04  Drone  
  13  0:10  Drone  
  13  0:12  Extractor  
  13  0:16  Drone  
  15  0:45  Hatchery  
  15  0:49  Extractor  
  14  0:50  Drone  
  15  1:03  Spawning Pool  
  14  1:11  Drone, Extractor  
  14  1:12  Extractor  
  14  1:14  Drone  
  16  1:20  Overlord  
  16  1:39  Drone x2  
  18  1:44  Drone  
  19  1:49  Queen  
  21  1:57  Queen  
  21  1:58  Drone  
  21  1:59  Drone  
  25  2:05  Overlord  
  25  2:10  Drone  
  26  2:16  Drone  
  27  2:38  Queen x2  
  31  2:44  Overlord  
  31  2:45  Overlord  
  31  2:49  Drone x4  
  35  2:57  Overlord  
  35  3:10  Drone  
  35  3:11  Hatchery  
  35  3:12  Drone  
  36  3:16  Drone  
  36  3:19  Drone x2  
  39  3:22  Drone  
  39  3:23  Extractor  
  39  3:25  Extractor  
  39  3:26  Drone  
  39  3:32  Roach Warren  
  39  3:34  Drone  
  39  3:36  Drone  
  39  3:38  Drone  
  39  3:41  Drone  
  42  3:46  Drone  
  42  3:47  Drone x2  
  45  3:51  Drone  
  45  3:52  Drone x2  
  48  4:06  Evolution Chamber  
  47  4:15  Roach  
  47  4:16  Roach  
  51  4:17  Overlord  
  51  4:19  Overlord  
  51  4:20  Overlord  
  51  4:32  Drone x3  
  51  4:34  Extractor  
  51  4:35  Drone  
  51  4:38  Extractor  
  53  4:40  Lair  
  53  4:41  Roach x3  
  53  4:44  Drone x2  
  61  4:54  Drone  
  62  5:01  Drone x2  
  62  5:02  Drone  
  62  5:03  Spore Crawler  
  62  5:04  Spore Crawler  
  62  5:05  Spore Crawler  
  62  5:08  Overlord x2  
  62  5:09  Overlord  
  62  5:16  Zerg Missile Weapons Level 1  
  62  5:24  Evolution Chamber  
  61  5:29  Roach x4  
  69  5:44  Roach x6  
  69  5:45  Roach x3  
  87  5:52  Overlord x3  
  87  6:03  Spore Crawler  
  86  6:08  Ravager  
  70  6:22  Ravager  
  70  6:24  Ravager x2  
  67  6:28  Drone  
  67  6:29  Drone x11  
  79  6:42  Drone x3  
  79  6:45  Extractor x2  
  80  6:48  Glial Reconstitution, Zerg Ground Armor Level 1  
  80  6:55  Drone x2  
  80  6:56  Drone x2  
  80  6:57  Drone  
  80  7:00  Drone  
  86  7:05  Spore Crawler  
  85  7:09  Roach  
  85  7:10  Roach  
  85  7:11  Ravager x5  
  94  7:17  Drone x3  
  97  7:26  Roach  
  97  7:27  Roach x7  
  97  7:28  Overlord  
  113  7:50  Hatchery, Zerg Missile Weapons Level 2  
  112  7:51  Extractor  
  112  7:52  Roach  
  112  7:53  Roach x4  
  121  8:13  Overlord x8  
  121  8:20  Drone  
  122  8:28  Hatchery  
  122  8:31  Queen x2  
  125  8:34  Roach  
  125  8:35  Roach x8  
  125  8:36  Ravager x4  
  125  8:37  Ravager  
  125  8:38  Ravager x2  
  125  8:39  Ravager  
  151  8:49  Zerg Ground Armor Level 2  
  151  8:54  Infestation Pit  
  150  8:55  Extractor  
  149  9:17  Roach x7  
  149  9:18  Roach x7  
  149  9:20  Overlord  
  177  9:27  Overlord  
  177  9:30  Drone  
  177  9:31  Drone x2  
  179  9:32  Drone x2  
  179  9:33  Drone x3  
  181  10:06  Drone  
  174  10:07  Drone x2  
  174  10:08  Drone x3  
  174  10:09  Drone x3  
  174  10:10  Drone  
  174  10:12  Drone  
  183  10:21  Spine Crawler  
  183  10:22  Spine Crawler  
  183  10:25  Spine Crawler  
  180  10:37  Spine Crawler x2  
  180  10:38  Spine Crawler, Roach x8  
  180  10:40  Ravager  
  180  10:41  Ravager x6  
Show
View Real Time Build Order
Export as new Build Order

Freemind Terran 

Build Orders: Liberator Opening, Mech 

Get SALT Encoding   

  12  0:00  SCV  
  13  0:13  SCV  
  14  0:18  Supply Depot  
  14  0:25  SCV  
  15  0:39  SCV  
  15  0:41  Barracks  
  16  0:45  Refinery  
  16  0:51  SCV  
  17  1:03  SCV  
  18  1:15  SCV  
  19  1:27  Marine  
  19  1:28  Orbital Command  
  20  1:47  Command Center  
  20  1:55  SCV  
  21  2:02  Factory  
  21  2:07  SCV  
  21  2:08  Barracks Reactor  
  22  2:15  Supply Depot  
  22  2:19  SCV  
  23  2:24  Bunker  
  24  2:37  SCV  
  24  2:44  Refinery  
  24  2:49  SCV  
  25  2:51  Barracks Reactor  
  25  2:52  Hellion x2  
  29  3:00  Orbital Command  
  29  3:11  SCV  
  30  3:13  Hellion  
  30  3:14  Hellion  
  34  3:21  Starport  
  34  3:25  SCV x2  
  36  3:27  Marine  
  36  3:28  Marine  
  38  3:37  Widow Mine x2, SCV  
  43  3:43  SCV  
  43  3:46  Marine x2  
  46  3:54  Supply Depot  
  46  3:58  Liberator  
  46  4:02  Supply Depot  
  46  4:15  SCV, Marine x2  
  46  4:16  Hellion  
  54  4:23  Supply Depot  
  55  4:24  SCV  
  55  4:26  Armory  
  55  4:28  Hellion  
  55  4:30  SCV  
  57  4:34  Marine x2  
  57  4:36  SCV  
  60  4:41  Liberator, Supply Depot  
  60  4:44  SCV  
  61  4:50  Hellion  
  61  4:51  Hellion  
  65  4:56  Supply Depot  
  65  4:57  SCV  
  65  4:59  SCV  
  70  5:03  Marine x2  
  72  5:13  Hellion x2  
  76  5:18  SCV x2  
  76  5:20  Supply Depot  
  78  5:30  SCV  
  78  5:31  Refinery, Command Center  
  78  5:33  Refinery, SCV  
  80  5:36  Hellion, Marine  
  83  5:47  Hellion  
  85  5:58  Hellion  
  85  6:02  Marine  
  88  6:08  Hellion  
  80  6:18  Marine  
  59  6:29  Starport Tech Lab  
  59  6:32  Cyclone x2  
  63  6:33  SCV x2  
  63  6:42  Marine x2  
  63  6:45  SCV  
  64  6:47  Factory  
  64  6:49  Banshee, Cloaking Field  
  64  6:50  SCV  
  64  6:52  Factory, Engineering Bay  
  68  6:57  SCV  
  69  7:02  SCV  
  69  7:05  Supply Depot  
  69  7:07  Factory, Cyclone x2  
  76  7:09  SCV  
  77  7:19  Planetary Fortress  
  77  7:24  SCV, Missile Turret  
  77  7:28  Missile Turret  
  78  7:32  Factory Tech Lab, Banshee, Supply Depot, Missile Turret  
  78  7:35  Factory Tech Lab  
  81  7:42  Hellion x2  
  81  7:43  SCV  
  86  7:45  SCV  
  86  7:49  Refinery  
  86  7:51  Refinery, Sensor Tower  
  87  7:55  SCV  
  87  7:56  Siege Tank  
  87  7:58  SCV, Hellion  
  94  8:03  Terran Vehicle Weapons Level 1, SCV  
  94  8:04  Hellion  
  97  8:07  SCV  
  97  8:08  Hellion x2  
  97  8:10  SCV  
  103  8:16  SCV  
  103  8:18  Raven  
  103  8:19  SCV  
  107  8:21  Hellion x2  
  107  8:23  SCV  
  112  8:29  Widow Mine x2  
  112  8:30  Hellion x2  
  120  8:39  SCV  
  120  8:40  SCV  
  122  8:42  SCV  
  122  8:43  Factory  
  125  8:48  Hellion  
  125  8:51  Supply Depot  
  124  9:07  Infernal Pre-Igniter  
  124  9:10  Supply Depot  
  124  9:12  Supply Depot  
  124  9:13  Hellion x2, Siege Tank, Supply Depot  
  131  9:23  Raven  
  133  9:28  Supply Depot  
  133  9:29  SCV x2, Supply Depot  
  135  9:33  Factory Tech Lab  
  135  9:34  Thor  
  135  9:36  Hellion  
  141  9:41  Command Center  
  141  9:44  Hellion  
  141  9:45  Siege Tank  
  146  9:53  Hellion x2  
  142  10:07  Banshee  
  142  10:09  Armory  
  142  10:10  Hellion, Siege Tank  
  150  10:16  Supply Depot  
  150  10:17  Siege Tank  
  150  10:19  Thor  
  159  10:25  Widow Mine x3  
  159  10:26  SCV  
  166  10:40  Supply Depot  
  166  10:42  Siege Tank  
  169  10:44  Hi-Sec Auto Tracking  
  169  10:50  Starport  
  168  11:10  Siege Tank  
  168  11:11  Hellion x2  
  175  11:15  Command Center  
Tags
 
Add a new tag
Caveats
  • Supply blocks, unpowered buildings, or Contaminate may cause inaccurate times.
  • Supply counts are checked every 10 seconds.